AoeStats
← vega

Arabia

505845653Analyzed
1v1 RM · 1mo ago on Sep 11, 2026· 32m 7s· 2 players
Game mode
Random Map
Map size
Tiny (2 player)
Population
200
Speed
Normal
Resources
Standard
Victory
Conquest
Starting age
Dark Age
Ending age
Imperial Age
RankedLock teamsTeams togetherTeam positionsShared explorationLock speedFull tech treeHidden civsTurbo modeCheats
Victory
Defeat
🇷🇴 Huns · Romania
1289
+15
vs
🇪🇸 Franks · Spain
1261
-15
Galeras
6:14 Loom
9:03 Feudal Age
9:40 Double-Bit Axe
22:10 Castle Age
21:05 Forging
21:03 Scale Barding Armor
21:03 Gold Mining
21:23 Fletching
23:07 Bow Saw
23:56 Scale Mail Armor
25:07 Elite Skirmisher
vega
6:23 Loom
9:19 Feudal Age
10:10 Double-Bit Axe
10:09 Horse Collar
20:59 Castle Age
19:30 Fletching
20:50 Bloodlines
20:45 Padded Archer Armor
21:20 Gold Mining
21:46 Husbandry
23:26 Bow Saw
24:40 Bodkin Arrow
26:10 Leather Archer Armor
27:57 Wheelbarrow
32:53 Ballistics
32:42 Thumb Ring
Connection lost

Rejoining the realm…

Still unreachable

The connection could not be restored.

Session expired

The server has moved on; the page needs a fresh start.